 Dungeon Crawl Stone Soup version 0.29.1-15-g9cfb28693d (webtiles) character file.

Game seed: 4203214170925967761

6187 Gumption the Cleaver (level 10, -3/138 HPs)
             Began as a Minotaur Berserker on Feb 28, 2023.
             Was an Elder of Trog.
             Killed from afar by a molten gargoyle (6 damage)
             ... with a bolt of magma
             ... on level 10 of the Dungeon.
             The game lasted 01:18:46 (10823 turns).

Gumption the Cleaver (Minotaur Berserker)          Turns: 10823, Time: 01:18:46

Health: -3/138     AC: 24    Str: 25    XL:     10   Next: 60%
Magic:  9/9        EV:  6    Int: 10    God:    Trog [****..]
Gold:   202        SH: 17    Dex: 11    Spells: 9/9 levels left

rFire   + . .      SeeInvis .   a - +0 war axe
rCold   . . .      Faith    .   M - +2 kite shield {AC+3}
rNeg    . . .      Spirit   .   E - +0 plate armour
rPois   .          Reflect  +   (helmet restricted)
rElec   .          Harm     .   u - +0 cloak
rCorr   .          Rampage  .   n - +2 pair of gloves
Will    .....                   z - +1 pair of boots "Jaxkihy" {rF+}
Stlth   ..........              l - amulet of reflection
HPRegen 0.33/turn               v - +6 ring of intelligence
MPRegen 0.11/turn               (no ring)

@: berserking (expiring), very quick
A: horns 2, retaliatory headbutt
a: Renounce Religion, Berserk, Trog's Hand, Brothers in Arms


You were on level 10 of the Dungeon.
You worshipped Trog.
Trog was greatly pleased with you.
You visited 2 branches of the dungeon, and saw 11 of its levels.

You collected 566 gold pieces.
You spent 364 gold pieces at shops.

Inventory:

Hand Weapons
 a - a +0 war axe (weapon)
 b - a +1 dagger of electrocution
 w - a +1 vorpal mace
Missiles
 e - 11 boomerangs (quivered)
Armour
 j - a +1 ring mail of fire resistance
 n - a +2 pair of gloves (worn)
 u - a +0 cloak (worn)
 z - the +1 pair of boots "Jaxkihy" (worn) {rF+}
   (You found it on level 8 of the Dungeon)

   rF:        It protects you from fire.
 E - a +0 plate armour (worn)
 F - a +0 tower shield
 M - a +2 kite shield of protection (worn)
Jewellery
 l - an amulet of reflection (around neck)
 t - a ring of ice
 v - a +6 ring of intelligence (left hand)
 I - a ring of protection from fire
Wands
 q - a wand of polymorph (7)
 x - a wand of charming (26)
 H - a wand of flame (38)
Scrolls
 g - 2 scrolls of enchant armour
 o - 2 scrolls of blinking
 p - 3 scrolls of teleportation
 r - a scroll of identify
 y - a scroll of silence {unknown}
 L - a scroll of fear {unknown}
Potions
 c - a potion of invisibility {unknown}
 d - 2 potions of attraction
 f - 5 potions of curing
 i - 2 potions of brilliance
 k - a potion of lignification
 m - a potion of ambrosia
 s - 2 potions of flight
 B - 3 potions of mutation
 D - a potion of berserk rage
 G - 2 potions of might {unknown}


   Skills:
 + Level 9.7 Fighting
 + Level 12.8 Axes
 + Level 9.3 Armour
 - Level 2.1 Dodging
 * Level 7.5 Shields


You had 9 spell levels left.
You didn't know any spells.
Your spell library was empty.

Dungeon Overview and Level Annotations

Branches:
Dungeon (10/15)            Temple (1/1) D:4            Lair (0/5) D:8
    Orc: D:9-12

Altars:
Ashenzari
Dithmenos
Fedhas
Gozag
Hepliaklqana
Makhleb
Nemelex Xobeh
Ru
Trog
Vehumet
Wu Jian
Yredelemnul
The Shining One

Shops:
D:5 [   D:6 (   D:9 [

Annotations:
D:3 2 transporters, vvl's ghost, amateur HOEE


Innate Abilities, Weirdness & Mutations

You have a pair of horns on your head.
You reflexively headbutt those who attack you in melee.


Message History

You block the orc priest's attack.
The molten gargoyle hits you but does no damage.
You hit the molten gargoyle but do no damage.
You headbutt the molten gargoyle!
The molten gargoyle is moderately damaged.
You slash the orc priest!
You kill the orc priest!
Trog accepts your kill.
The molten gargoyle blasts magma at you!
The bolt of magma hits you. You partially resist.
* * * LOW HITPOINT WARNING * * *
Unknown command.
You slash the molten gargoyle!
You headbutt the molten gargoyle, but do no damage.
The molten gargoyle is heavily damaged.
You slash something! Trog accepts your kill.
Trog appreciates your killing of a magic user.
Reactivating autopickup.
You feel a bit more experienced. You block the molten gargoyle's attack.
You slash the molten gargoyle!
The molten gargoyle is almost destroyed.
You hit the molten gargoyle. You block the molten gargoyle's attack.
The molten gargoyle blasts magma at you!
The bolt of magma hits you!! You partially resist.
* * * LOW HITPOINT WARNING * * *
You slice the molten gargoyle!!
You destroy the molten gargoyle!
Trog accepts your kill.
You hit the molten gargoyle. You slash the molten gargoyle!
You headbutt the molten gargoyle!
The molten gargoyle is severely damaged.
The molten gargoyle blasts magma at you!
The bolt of magma hits you but does no damage.
You slash the molten gargoyle!
You destroy the molten gargoyle!
Trog accepts your kill.
The molten gargoyle blasts magma at you!
The bolt of magma hits you. You partially resist.
You die...

..≈.§ #.............#
#.#o# #.# #..........#
.#.#.#9#.#
#..........# .......o#
#..........# ....###.#
#..........# . ##.##
#..........# ##9.>#
#..........#
###.)########.........
#...)@........########
###############


You could see a molten gargoyle.

Vanquished Creatures
  A two-headed ogre (D:5)
  Pikel (D:5)
  2 molten gargoyles (D:10)
  Grinder (D:6)
  A hornet (D:7)
  A shadow (D:9)
  A wyvern (D:10)
  Menkaure (D:5)
  4 water moccasins
  5 orc warriors
  3 black bears
  An ice beast (D:6)
  A sky beast (D:6)
  4 ogres
  3 lemures (D:5)
  2 phantoms
  5 bullfrogs
  4 kobold brigands
  A scorpion (D:5)
  3 wights (D:9)
  7 killer bees
  5 howler monkeys
  2 hounds
  3 orc priests
  A jelly (D:5)
  6 iguanas
  Ijyb (D:4)
  Natasha (thrice) (D:3)
  7 orc wizards
  9 adders
  5 gnolls
  11 river rats (D:6)
  A worm (D:4)
  3 dart slugs
  29 orcs
  3 endoplasms (D:1)
  2 giant cockroaches
  5 goblins
  11 hobgoblins
  4 jackals (D:1)
  29 kobolds
  10 quokkas
  10 ball pythons
  7 bats
  A frilled lizard (D:2)
  23 rats
243 creatures vanquished.

Vanquished Creatures (others)
  2 fungi (D:10)
  5 plants (D:2)
7 creatures vanquished.

Grand Total: 250 creatures vanquished

Notes
Turn   | Place    | Note
-------+----------+-------------------------------------------
     0 | D:1      | Gumption the Minotaur Berserker began the quest for the
                  | Orb.
     0 | D:1      | Reached XP level 1. HP: 19/19 MP: 0/0
   133 | D:1      | Reached skill level 4 in Axes
   153 | D:1      | Reached XP level 2. HP: 27/27 MP: 1/1
   645 | D:1      | Reached XP level 3. HP: 33/33 MP: 2/2
   677 | D:1      | Found a faded altar of an unknown god.
   821 | D:1      | Reached ** piety under Trog
  1314 | D:2      | Found a glowing golden altar of the Shining One.
  1412 | D:3      | Noticed Natasha
  1424 | D:3      | Killed Natasha
  1425 | D:3      | Reached skill level 5 in Axes
  1425 | D:3      | Reached XP level 4. HP: 29/41 MP: 3/3
  1887 | D:3      | Noticed Natasha
  1902 | D:3      | Killed Natasha
  2017 | D:3      | Reached XP level 5. HP: 39/47 MP: 4/4
  2125 | D:3      | Found a transporter.
  2125 | D:3      | Noticed vvl's ghost (amateur HOEE)
  2127 | D:3      | Found a transporter.
  2179 | D:3      | Noticed Natasha
  2185 | D:3      | Killed Natasha
  2720 | D:4      | Reached skill level 5 in Fighting
  2720 | D:4      | Reached skill level 6 in Axes
  2879 | D:4      | Noticed a black bear
  2898 | D:4      | Killed a black bear
  2899 | D:4      | Reached XP level 6. HP: 54/56 MP: 5/5
  2926 | D:4      | Found a staircase to the Ecumenical Temple.
  2964 | D:4      | Found a burning altar of Makhleb.
  3444 | D:4      | Found a blossoming altar of Fedhas.
  3577 | D:5      | Entered Level 5 of the Dungeon
  3585 | D:5      | Noticed Pikel
  3586 | D:5      | Found Leqergh's Armour Shop.
  3610 | D:5      | Reached skill level 7 in Axes
  3610 | D:5      | Killed Pikel
  3611 | D:5      | Reached skill level 8 in Axes
  3611 | D:5      | Reached skill level 5 in Armour
  3611 | D:5      | Reached XP level 7. HP: 64/64 MP: 6/6
  3704 | D:5      | Noticed a two-headed ogre
  3949 | D:5      | Noticed Ijyb
  3965 | D:4      | Killed Ijyb
  4021 | D:5      | Reached XP level 8. HP: 70/71 MP: 7/7
  4032 | Temple   | Entered the Ecumenical Temple
  4192 | D:5      | Reached *** piety under Trog
  4214 | D:5      | Bought a +0 buckler for 63 gold pieces
  4258 | D:5      | Reached skill level 9 in Axes
  4314 | D:5      | Reached skill level 1 in Shields
  4348 | D:5      | Noticed Menkaure
  4359 | D:5      | Killed Menkaure
  4575 | D:5      | Killed a two-headed ogre
  4576 | D:5      | Reached skill level 10 in Axes
  4576 | D:5      | Reached XP level 9. HP: 72/80 MP: 8/8
  5254 | D:6      | Noticed Grinder
  5289 | D:6      | Killed Grinder
  5687 | D:6      | Reached skill level 11 in Axes
  5758 | D:6      | Found Fage's Antique Weapon Shoppe.
  6262 | D:6      | Reached **** piety under Trog
  6562 | D:6      | Reached skill level 5 in Shields
  7450 | D:7      | Reached skill level 12 in Axes
  7658 | D:7      | Reached XP level 10. HP: 80/90 MP: 9/9
  8260 | D:7      | Found a sparkling altar of Nemelex Xobeh.
  8635 | D:8      | Identified the +1 pair of boots "Jaxkihy" {rF+}
  8992 | D:8      | Found a staircase to the Lair.
  9434 | D:8      | Found a radiant altar of Vehumet.
  9524 | D:5      | Bought a +2 kite shield of protection for 301 gold pieces
  9924 | D:8      | Found an opulent altar of Gozag.
  9924 | D:8      | Found a broken altar of Ashenzari.
 10198 | D:9      | Found a sacrificial altar of Ru.
 10367 | D:9      | Found Gyuladgh's Armour Shoppe.
 10456 | D:9      | Found an ornate altar of the Wu Jian Council.
 10524 | D:9      | Found a shadowy altar of Dithmenos.
 10622 | D:10     | Entered Level 10 of the Dungeon
 10788 | D:10     | Noticed a molten gargoyle
 10792 | D:10     | Noticed a molten gargoyle
 10794 | D:10     | Noticed a molten gargoyle
 10820 | D:10     | HP: 3/136 [molten gargoyle/bolt of magma (24)]
 10821 | D:10     | Killed a molten gargoyle
 10823 | D:10     | Killed a molten gargoyle
 10823 | D:10     | Killed from afar by a molten gargoyle

Illustrated notes

Levels and vault maps discovered:
D:1:      psy_arrival_statuary, layout_rooms,
          dilly_ecumenical_altar_fadedgnrine, kennysheep_nondescript,
          fountainhead
D:2:      cheibrodos_old_hovel, layout_rooms, basic_altar
D:3:      layout_basic, gammafunk_ghost_mausoleum, minivault_23, uniq_natasha
D:4:      layout_layer_cave, fedhas_altar_4, bloody_makhleb,
          minmay_temple_entry_from_below_a, sigmund_army
D:5:      layout_rooms, serial_shops, nicolae_shop_trees,
          kennysheep_generic_room_4, uniq_ijyb, uniq_pikel, uniq_menkaure
D:6:      lemuel_ratsnest, layout_loops_corners, serial_shops,
          nicolae_shop_behind_doors, amcnicky_mini_pool_small,
          minmay_misc_feat_ornament, uniq_grinder
D:7:      layout_layer_cave, nemelex_diamond_rough_becter, item_on_display_a
D:8:      layout_basic, mainiacjoe_overflow_24_doors,
          amethyst_overflow_temple_binary, lair_entry_dummy, minmay_crossroads
D:9:      layout_roguey, mainiacjoe_overflow_surrounded_room, kennysheep_mini,
          kennysheep_little_box, serial_shops, shop
D:10:     layout_rooms, mainiacjoe_overflow_chevrons, hangedman_weighted_door,
          minivault_8
Temple:   nicolae_temple_bog_church

Skill      XL: |  1  2  3  4  5  6  7  8  9 10 |
---------------+-------------------------------+-----
Axes           | 4 5 6 8 10 12 | 12.8
Fighting       | 4 5 6 7 8 9 |  9.7
Armour         | 3 4 5 7 8 9 |  9.3
Shields        | 3 5 7 |  7.5
Dodging        | |  2.1

Action                   |  1- 3 |  4- 6 |  7- 9 | 10-12 || total
-------------------------+-------+-------+-------+-------++-------
Melee: Hand axe          |    94 |   113 |   221 |       ||   428
       Headbutt          |    13 |    24 |    57 |    29 ||   123
       Punch             |     2 |     1 |       |       ||     3
       War axe           |       |       |    97 |   137 ||   234
       Dagger            |       |       |       |    33 ||    33
Throw: Boomerang         |     6 |     8 |       |     7 ||    21
Invok: Berserk           |       |     1 |     3 |     1 ||     5
       Trog's Hand       |       |       |     2 |       ||     2
  Use: Scroll            |       |     6 |     9 |     3 ||    18
Armor: Animal skin       |    12 |       |       |       ||    12
       Ring mail         |    14 |    59 |    67 |       ||   140
       Chain mail        |       |       |    23 |    17 ||    40
       Plate armour      |       |       |       |    38 ||    38
Dodge: Dodged            |    59 |    57 |    90 |    47 ||   253
Block: Other             |       |     7 |     2 |       ||     9
       Buckler           |       |       |    96 |    30 ||   126
       Reflection        |       |       |     1 |     2 ||     3
       Kite shield       |       |       |       |    70 ||    70
